 Dungeon Crawl Stone Soup version 0.22-a0-351-g29664b4 (webtiles) character file.

111 vishdafish the Charmwright (level 4, -1/34 HPs)
             Began as a Demonspawn Skald on Apr 12, 2018.
             Slain by Natasha (2 damage)
             ... on level 2 of the Dungeon.
             The game lasted 00:04:18 (2051 turns).

vishdafish the Charmwright (Demonspawn Skald)       Turns: 2051, Time: 00:04:19

Health: -1/34      AC:  3    Str: 11    XL:     4   Next: 62%
Magic:  4/7        EV: 12    Int: 16    God:
Gold:   153        SH:  0    Dex: 12    Spells: 7/8 levels left

rFire    . . .     SeeInvis .   a - +0 spear
rCold    . . .     Gourm    .   (no shield)
rNeg     . . .     Faith    .   b - +0 leather armour
rPois    .         Spirit   .   (helmet restricted)
rElec    .         Reflect  .   (no cloak)
rCorr    .         Harm     .   (no gloves)
MR       .....                  (no boots)
Stlth    +.........             (no amulet)
HPRegen  0.11/turn              (no ring)
MPRegen  0.10/turn              (no ring)

@: no status effects
A: antennae 2
a: no special abilities


You were on level 2 of the Dungeon.
You were near starving.

You visited 1 branch of the dungeon, and saw 2 of its levels.

You collected 153 gold pieces.

Inventory:

Hand Weapons
 a - a +0 spear (weapon)
Armour
 b - a +0 leather armour (worn)
Scrolls
 c - 2 scrolls of teleportation
 f - 2 scrolls of remove curse {unknown}
 i - a scroll of noise {unknown}
 l - a scroll of blinking {unknown}
 m - a scroll of enchant armour {unknown}
Potions
 e - a potion of degeneration {unknown}
 g - a potion of agility {unknown}
 h - a potion of invisibility {unknown}
 j - a potion of resistance {unknown}
 k - a potion of haste {unknown}
Comestibles
 d - 6 rations


   Skills:
 + Level 2.6 Fighting
 + Level 3.0 Polearms
 - Level 1.6 Armour
 + Level 2.1 Dodging
 - Level 0.1 Stealth
 + Level 2.5 Spellcasting
 - Level 3.0 Charms


You had 7 spell levels left.
You knew the following spells:

 Your Spells              Type           Power        Failure   Level  Hunger
a - Infusion              Chrm           ##..         8%          1    #......


Dungeon Overview and Level Annotations

Branches:
Dungeon (2/15)

Altars:
Makhleb
Qazlal

Annotations:
D:2 Natasha


Innate Abilities, Weirdness & Mutations

You have a pair of antennae on your head.


Message History

You hit Natasha but do no damage.
Natasha is severely wounded.
Natasha mumbles some strange words.
Natasha glows brightly for a moment.
Natasha misses you.
You hit Natasha.
Natasha is almost dead.
Natasha claws you.
* * * LOW HITPOINT WARNING * * *
You barely miss Natasha.
Natasha is almost dead.
Natasha closely misses you.
You hit Natasha but do no damage.
Natasha is almost dead.
Natasha mewls in sadness.
Natasha barely misses you.
You hit Natasha but do no damage.
Natasha is almost dead.
Natasha claws you.
You die...

#### ...# ##.# # #.# .
##.### .# .....# ##.#
.....########## ...
..............###.#.#.#
.....########...@.....#
.....# #####h#.#.#
###### 5...<# ##.#.#
#.#.# #.#.#####.#
#.........# #.# #.#


You could see Natasha and a shadow imp.

Vanquished Creatures
  Natasha (twice) (D:2)
  An adder (D:2)
  A worm (D:2)
  A dart slug (D:1)
  5 bats
  A giant cockroach (D:1)
  8 goblins (D:1)
  10 hobgoblins
  2 ball pythons
  4 frilled lizards
  6 kobolds
  11 rats
52 creatures vanquished.

Notes
Turn   | Place    | Note
-------+----------+-------------------------------------------
     0 | D:1      | vishdafish the Demonspawn Skald began the quest for the Orb.
     0 | D:1      | Reached XP level 1. HP: 16/16 MP: 3/3
   333 | D:1      | Gained mutation: You have a pair of small antennae on your head. [demonic ancestry]
   333 | D:1      | Reached XP level 2. HP: 20/22 MP: 5/5
   365 | D:1      | Reached skill level 1 in Armour
   713 | D:1      | Gained mutation: You have a pair of antennae on your head. [demonic ancestry]
   713 | D:1      | Reached XP level 3. HP: 27/27 MP: 6/6
   876 | D:2      | Found a burning altar of Makhleb.
   876 | D:2      | Found a stormy altar of Qazlal.
  1587 | D:2      | Noticed Natasha
  1597 | D:2      | Killed Natasha
  1597 | D:2      | Reached XP level 4. HP: 14/34 MP: 1/7
  1868 | D:2      | Noticed Natasha
  1876 | D:2      | Killed Natasha
  2030 | D:2      | Noticed Natasha
  2048 | D:2      | HP: 1/34 [Natasha (4)]
  2051 | D:2      | Slain by Natasha

Vault maps used:
D:1:      minmay_arrival_widening_spiral_wide, kennysheep_pointless_box,
          supply_closet_lemuel, minmay_rat_gold_closets
D:2:      chequers_temple_overflow_statue_of_worship, minmay_tromino_v4_b,
          uniq_natasha

Skill      XL: |  1  2  3  4 |
---------------+-------------+-----
Polearms       | 2 3 |  3.0
Armour         | 1 |  1.6
Charms         | 3 |  3.0
Dodging        | 2 |  2.1
Fighting       | |  2.6
Stealth        | |  0.1
Spellcasting   | |  2.5

Action                   |  1- 3 |  4- 6 || total
-------------------------+-------+-------++-------
Melee: Spear             |   168 |    33 ||   201
 Cast: Infusion          |     6 |     2 ||     8
  Use: Scroll            |     1 |       ||     1
 Stab: Sleeping          |     2 |       ||     2
  Eat: Chunk             |     1 |     1 ||     2
Armor: Leather armour    |    24 |     7 ||    31
Dodge: Dodged            |    80 |    13 ||    93

Table legend:
 A = Spawn XP
 B = Non-spawn XP
 C = Spawn XP percentage of total XP
 D = Spawn monster count
 E = Non-spawn monster count
 F = Spawn count percentage of total count
 G = Total turns spent on level
                    A         B        C        D         E        F      G
               +---------+---------+-------+---------+---------+-------+---------
         Total |       0 |     159 |   0.0 |       0 |      52 |   0.0 |  2051
               +---------+---------+-------+---------+---------+-------+---------
           D:1 |       0 |      49 |   0.0 |       0 |      31 |   0.0 |   910
           D:2 |       0 |     110 |   0.0 |       0 |      21 |   0.0 |  1141
               +---------+---------+-------+---------+---------+-------+---------
